 Dungeon Crawl Stone Soup version 0.30-a0-1016-gfb0d676c02 (webtiles) character file.

Game seed: 10861877655627451015

2 hwolsky the Digger (level 1, 0/13 HPs)
             Began as a Formicid Earth Elementalist on Apr 6, 2023.
             Succumbed to a scorpion's poison
             ... on level 7 of the Dungeon.
             The game lasted 00:01:44 (65 turns).

hwolsky the Digger (Formicid Earth Elementalist)      Turns: 65, Time: 00:01:44

Health: 0/13       AC:  2    Str: 12    XL:     1   Next: 44%
Magic:  3/3        EV: 12    Int: 14    God:
Gold:   0          SH:  0    Dex: 14    Spells: 3/4 levels left

rFire   . . .      SeeInvis +    (no weapon)
rCold   . . .      Faith    .    (no shield)
rNeg    . . .      Spirit   .    a - +0 robe
rPois   .          Reflect  .    (helmet unavailable)
rElec   .          Rampage  .    (no cloak)
rCorr   .                        (no gloves)
Will    .....                    (no boots)
Stlth   ++                       (no amulet)
HPRegen 0.22/turn                c - ring of see invisible
MPRegen 0.08/turn                (no ring)

@: lethally poisoned (0 -> -2)
A: permanent stasis, dig shafts and tunnels, antennae 3, four strong arms
a: Dig, Shaft Self


You were on level 7 of the Dungeon.
You visited 1 branch of the dungeon, and saw 5 of its levels.

Inventory:

Armour
 a - a +0 robe (worn)
Jewellery
 c - a ring of see invisible (left hand)
Scrolls
 d - a scroll of identify {unknown}
 e - a scroll of poison {unknown}
Potions
 b - a potion of magic
 f - 2 potions of heal wounds {unknown}


   Skills:
 + Level 1.8 Dodging
 + Level 2.5 Stealth
 + Level 2.2 Spellcasting
 + Level 1.2 Transmutations
 + Level 3.6 Earth Magic


You had 3 spell levels left.
You knew the following spells:

 Your Spells              Type           Power      Damage    Failure   Level
a - Sandblast             Erth           22%        2d7       5%          1

Your spell library contained the following spells:

 Spells                   Type           Power      Damage    Failure   Level
 Passwall                 Tmut/Erth      6%         N/A       13%         2
 Stone Arrow              Conj/Erth      12%        3d7       32%         3
 Petrify                  Tmut/Erth      8%         N/A       63%         4


Dungeon Overview and Level Annotations

Branches:
Dungeon (5/15)
 Temple: D:4-7

Altars:

Shops:
D:5 (


Innate Abilities, Weirdness & Mutations

You cannot be hasted, slowed, berserked, paralysed or teleported.
You can dig through walls and to a lower floor.
You have a pair of large antennae on your head. (SInv)
Your four strong arms can wield two-handed weapons with a shield.


Message History

A shaft appears beneath you!
You fall into a shaft and drop 1 floor!
The shaft crumbles and collapses.
Are you sure you want to shaft yourself?
You begin to dig a shaft.
You continue digging a shaft.
A shaft appears beneath you!
You fall into a shaft and drop 2 floors!
The shaft crumbles and collapses.
Are you sure you want to shaft yourself?
You begin to dig a shaft.
You continue digging a shaft.
A shaft appears beneath you!
You fall into a shaft and drop 1 floor!
The shaft crumbles and collapses.
Found four items.
Found Heuwonutzo's Antique Weapon Shop.
d - a scroll labelled YLLATZ NU PEO
Found a stone staircase leading down.
A scorpion comes into view.
You see here a scroll labelled HOMUIT URIXES.
You see here a scroll labelled HOMUIT URIXES.
e - a scroll labelled HOMUIT URIXES Are you sure you want to shaft yourself?
The scorpion misses you.
You begin to dig a shaft.
You continue digging a shaft.
The scorpion stings you.
You are lethally poisoned!
The scorpion poisons you! A shaft appears beneath you!
You fall into a shaft and drop 2 floors!
The shaft crumbles and collapses.
You feel sick.
Found 2 sapphire potions.
You feel sick.
* * * LOW HITPOINT WARNING * * *
You feel sick.
* * * LOW HITPOINT WARNING * * *
You feel sick.
* * * LOW HITPOINT WARNING * * *
You feel sick.
You see here 2 sapphire potions.
f - 2 sapphire potions You die...

...............
...............
#..............
#............
#.#..........
#............
##............
#......##.....
#...@..# ....
......##.## ...
.....# #.# ..
..... ..# .
#.## ##.# # ..#
.##


There were no monsters in sight!

Vanquished Creatures
  4 rats (D:1)
4 creatures vanquished.

Notes
Turn   | Place    | Note
-------+----------+-------------------------------------------
     0 | D:1      | hwolsky the Formicid Earth Elementalist began the quest for
                  | the Orb.
     0 | D:1      | Reached XP level 1. HP: 13/13 MP: 3/3
    41 | D:1      | You fall into a shaft and drop 1 floor!
    44 | D:2      | You fall into a shaft and drop 2 floors!
    47 | D:4      | You fall into a shaft and drop 1 floor!
    47 | D:5      | Entered Level 5 of the Dungeon
    47 | D:5      | Found Heuwonutzo's Antique Weapon Shop.
    53 | D:5      | Noticed a scorpion
    60 | D:5      | You fall into a shaft and drop 2 floors!
    65 | D:7      | Succumbed to a scorpion's poison

Illustrated notes

Levels and vault maps discovered:
D:1:      dpeg_arrival_ratfight, layout_rooms,
          hellmonk_ecumenical_altar_pennies_from_heaven
D:2:      layout_rooms
D:4:      cheibrodos_fertilizer, layout_rooms, nemelex_dance_club_becter,
          minitemple, minmay_misc_feat_x, minmay_ruined_shrine
D:5:      layout_basic, serial_shops, shop
D:7:      layout_cave_pools, tgw_xom, grunt_qazlal_clouds, nicolae_titane,
          uniq_pikel

Action                     || total
---------------------------++-------
  Melee: Unarmed           ||    13
   Cast: Sandblast         ||     3
Ability: Shaft Self        ||     4
 Armour: Robe              ||     2
  Dodge: Dodged            ||     6

Table legend: (Time is in decaauts)
 A = Elapsed time spent in this place.
 B = Non-inter-level travel time spent in this place.
 C = Inter-level travel time spent in this place.
 D = Time resting spent in this place.
 E = Time spent auto-exploring this place.
 F = Levels seen in this place.
 G = Mean time per level.
                   A        B        C        D        E       F      G
               +--------+--------+--------+--------+--------+-----+--------+
         Total |     64 |     64 |      0 |      0 |      0 |   5 |   12.8 |
       Dungeon |     64 |     64 |      0 |      0 |      0 |   5 |   12.8 |
               +--------+--------+--------+--------+--------+-----+--------+

Top non-repeatable levels by time:
     D:1: 42 daAuts
     D:5: 12 daAuts
     D:7: 4 daAuts
     D:4: 2 daAuts
     D:2: 2 daAuts
